Map: 블랙핑크 - 래더

Players

INnoVation - Winner!

  • Race: Terran Terran
  • League: Master
  • Spawn Location: 7:00

Ryung

  • Race: Terran Terran
  • League: Master
  • Spawn Location: 1:00

VOD

Have the link to the VOD?

Description

Time

  • Played on: Jan. 30, 2018, 5:28 a.m.
  • Length: 8:33
Show
View Real Time Build Order
Export as new Build Order

INnoVation Terran - Winner!

Build Orders: Gas First Reaper Expand, Reaper Expand, Mech 

Get SALT Encoding   

  12  0:00  SCV  
  13  0:12  SCV  
  14  0:17  Supply Depot  
  14  0:24  SCV  
  15  0:28  Refinery  
  15  0:39  SCV  
  16  0:44  Barracks  
  16  0:51  SCV  
  17  1:03  SCV  
  18  1:15  SCV  
  19  1:31  Reaper, Orbital Command  
  20  1:42  Command Center  
  20  1:52  Factory  
  20  1:56  SCV  
  21  2:06  Barracks Reactor  
  21  2:08  SCV  
  21  2:10  Supply Depot  
  21  2:14  Refinery  
  22  2:20  SCV  
  23  2:33  SCV  
  24  2:45  Hellion x2, SCV  
  29  2:53  Orbital Command  
  29  2:57  SCV  
  30  3:06  Cyclone x2  
  30  3:09  SCV  
  37  3:15  Barracks Tech Lab  
  37  3:16  Supply Depot  
  37  3:19  SCV  
  38  3:21  SCV  
  39  3:31  SCV  
  39  3:33  SCV  
  39  3:40  Command Center  
  39  3:43  SCV  
  39  3:45  SCV  
  39  3:47  Siege Tank  
  44  3:52  Refinery  
  44  3:55  Refinery  
  44  3:56  SCV  
  44  3:57  SCV  
  44  4:02  Supply Depot  
  45  4:08  SCV  
  45  4:09  SCV  
  47  4:11  Factory  
  47  4:19  Siege Tank  
  47  4:20  SCV  
  47  4:21  SCV  
  52  4:28  Barracks Reactor  
  52  4:31  Starport  
  52  4:32  SCV  
  52  4:33  SCV  
  54  4:42  Engineering Bay  
  54  4:44  SCV  
  55  4:46  SCV  
  55  4:51  Siege Tank  
  56  4:54  Orbital Command  
  56  4:56  Liberator x2  
  56  4:57  SCV  
  56  4:58  SCV  
  56  5:09  SCV  
  56  5:10  Missile Turret, SCV  
  64  5:20  Armory  
  64  5:21  SCV  
  65  5:22  SCV  
  65  5:23  Missile Turret, Orbital Command  
  66  5:28  Siege Tank  
  66  5:30  Supply Depot  
  66  5:35  SCV x2  
  71  5:43  Hellion, Armory  
  71  5:44  Hellion  
  71  5:47  SCV x2  
  77  5:56  Viking  
  79  5:57  Viking  
  79  5:58  SCV  
  79  6:00  SCV  
  79  6:02  SCV  
  83  6:20  SCV  
  83  6:21  Supply Depot x2, SCV  
  83  6:25  Liberator  
  85  6:42  Viking, SCV x2, Siege Tank  
  85  6:43  Hellion x2  
  99  6:49  Supply Depot  
  99  6:54  Supply Depot, SCV x2  
  99  6:55  Orbital Command  
  99  6:59  Refinery x2  
  101  7:07  Factory  
  101  7:11  Hellion x2  
  101  7:13  SCV x2  
  104  7:17  Viking  
  104  7:20  SCV  
  107  7:25  Viking  
  107  7:26  Siege Tank  
  112  7:32  SCV x2  
  112  7:33  SCV  
  115  7:38  Engineering Bay  
  115  7:39  Supply Depot  
  115  7:41  Supply Depot  
  115  7:50  Hellion  
  117  7:52  Factory Tech Lab  
  117  7:54  Factory  
  117  7:59  Factory  
  117  8:00  Viking x2  
  117  8:01  Hellion  
  123  8:18  SCV x3  
  128  8:23  Sensor Tower  
  128  8:24  Supply Depot  
Show
View Real Time Build Order
Export as new Build Order

Ryung Terran 

Build Orders: Gas First Reaper Expand, Reaper Expand, Banshee Rush 

Get SALT Encoding   

  12  0:01  SCV  
  13  0:13  SCV  
  14  0:18  Supply Depot  
  14  0:25  SCV  
  15  0:31  Refinery  
  15  0:39  SCV  
  16  0:44  Barracks  
  16  0:51  SCV  
  17  1:03  SCV  
  18  1:15  SCV  
  19  1:30  Orbital Command  
  19  1:31  Reaper  
  20  1:45  Command Center  
  20  1:56  Factory  
  20  1:58  SCV  
  21  2:08  Barracks Reactor  
  21  2:09  Refinery  
  21  2:11  SCV  
  22  2:18  Supply Depot  
  22  2:23  SCV  
  23  2:40  Starport  
  23  2:41  SCV  
  24  2:48  Hellion x2  
  28  2:53  SCV  
  28  2:57  Orbital Command  
  29  3:05  SCV  
  29  3:11  Hellion x2  
  34  3:14  Barracks Tech Lab  
  34  3:16  Starport Tech Lab  
  34  3:19  SCV  
  35  3:31  SCV x2  
  37  3:39  Banshee, Cloaking Field  
  40  3:43  SCV x2  
  40  3:46  Marine x2  
  44  3:51  Supply Depot  
  44  3:58  Bunker  
  44  4:01  SCV x2  
  46  4:12  Siege Tank, Marine x2  
  51  4:18  SCV x2  
  51  4:22  Supply Depot  
  53  4:32  SCV  
  53  4:36  Supply Depot  
  54  4:43  Banshee, SCV  
  58  4:51  SCV  
  58  4:55  SCV  
  58  4:57  Marine x2  
  61  5:00  Siege Tank  
  61  5:02  Command Center  
  61  5:03  SCV  
  65  5:08  SCV  
  65  5:13  Barracks  
  66  5:14  Barracks  
  66  5:15  SCV, Marine x2  
  66  5:20  Engineering Bay, SCV  
  70  5:24  Engineering Bay  
  70  5:34  Banshee, Supply Depot, SCV x2  
  75  5:45  Refinery x2  
  75  5:46  SCV x2  
  77  5:54  Siege Tank  
  77  5:58  SCV x2  
  77  6:00  Marine x2  
  77  6:01  Barracks Tech Lab x2  
  81  6:17  SCV x2, Orbital Command  
  83  6:18  Terran Infantry Armor Level 1, Terran Infantry Weapons Level 1  
  83  6:19  Banshee  
  86  6:30  Stimpack  
  86  6:34  SCV  
  86  6:35  SCV  
  86  6:36  Marine  
  86  6:37  Barracks  
  86  6:38  Marine  
  86  6:39  Barracks  
  89  6:42  Marine  
  89  6:46  Marine  
  75  7:00  Marine  
  75  7:01  Orbital Command  
  74  7:23  Starport Reactor  
  74  7:42  Orbital Command  
  71  7:52  Marine  
  71  7:53  Marine  
  71  7:54  Marauder x2  
  71  7:56  Barracks Reactor, Barracks Tech Lab  
  77  8:11  Marine x2  
Tags
 
Add a new tag
Caveats
  • Supply blocks, unpowered buildings, or Contaminate may cause inaccurate times.
  • Supply counts are checked every 10 seconds.